Match 28332661
Unlisted

Match 28332661
End
Construct Section Command Post
Vickers Machine Gun Team
Infantry Section
Dingo Light Scout Car
Infantry Section
Infantry Section
Selects Australian Defense Battlegroup
Selects Australian Light Infantry Section
Selects 2-pounder Anti-tank Gun Team
Construct Platoon Command Post
2-pounder Anti-tank Gun Team
Construct Field Infirmary
Humber Armored Car
Infantry Section
Infantry Training
Selects Vehicle Over Repair
Grenade Package
Infantry Section
Construct Company Command Post
Selects CMP 15cwt Supply Run
Selects Artillery Trip Wire Flares
Matilda II Heavy Tank
Selects Charged Creeping Barrage
Royal Engineer Section
Matilda II Heavy Tank
purepsychological
HulkSMASH
0
0

Comments sign in to comment!

No comments posted yet!